 Dungeon Crawl Stone Soup version 0.30.0-29-ga12c61a403 (webtiles) character file.

Game seed: 1751637221376612857

1024 Fecro the Covert (level 8, -4/39 HPs)
             Began as a Spriggan Brigand on June 22, 2023.
             Was an Initiate of Okawaru.
             Killed from afar by a steam dragon (17 damage)
             ... with a ball of steam
             ... on level 5 of the Dungeon on June 23, 2023.
             The game lasted 00:25:14 (5538 turns).

Fecro the Covert (Spriggan Brigand)                 Turns: 5538, Time: 00:25:15

Health: -4/39      AC:  3    Str:  7    XL:     8   Next: 2%
Magic:  0/9        EV: 19    Int: 13    God:    Okawaru [......]
Gold:   344        SH:  0    Dex: 18    Spells: 7/7 levels left

rFire   . . .        a - +2 dagger (protect)
rCold   . . .        (no shield)
rNeg    . . .        b - +0 robe
rPois   .            (helmet restricted)
rElec   .            c - +0 cloak
rCorr   .            (gloves unavailable)
SInv    +            (boots unavailable)
Will    +....        o - amulet of guardian spirit
Stlth   +++++        (no ring)
HPRegen 0.26/turn    (no ring)
MPRegen 0.11/turn

%: guardian spirit
@: studying Axes, very quick
A: very small, no large weapons, unfitting armour, see invisible, speed 3
a: Renounce Religion


You were on level 5 of the Dungeon.
You worshipped Okawaru.
Okawaru was noncommittal.
You visited 2 branches of the dungeon, and saw 7 of its levels.

You collected 344 gold pieces.

Inventory:

Hand Weapons
 a - a +2 dagger of protection (weapon)
 f - a +0 shortbow
Missiles
 d - 10 poisoned darts (quivered)
 e - 8 curare-tipped darts
 g - 56 stones
Armour
 b - a +0 robe (worn)
 c - a +0 cloak (worn)
Jewellery
 o - an amulet of guardian spirit (around neck)
Wands
 B - a wand of mindburst (12)
Scrolls
 h - 3 scrolls of fog
 i - 2 scrolls of blinking
 l - 4 scrolls of fear
 s - 4 scrolls of teleportation
 t - a scroll of noise {unknown}
 u - a scroll of vulnerability {unknown}
 w - a scroll of torment {unknown}
 x - a scroll of enchant weapon {unknown}
 y - 3 scrolls of amnesia
 z - a scroll of immolation {unknown}
Potions
 j - 4 potions of degeneration {unknown}
 k - 5 potions of curing {unknown}
 m - a potion of invisibility {unknown}
 n - a potion of heal wounds {unknown}
 p - a potion of berserk rage {unknown}
 q - a potion of brilliance {unknown}
 r - a potion of mutation {unknown}
 v - a potion of cancellation {unknown}
 A - a potion of lignification {unknown}


   Skills:
 + Level 2.9 Fighting
 + Level 5.1 Short Blades
 + Level 1.0 Ranged Weapons
 * Level 3.9 Throwing
 + Level 4.3 Dodging
 * Level 10.7 Stealth


You had 7 spell levels left.
You didn't know any spells.
Your spell library contained the following spells:

 Spells                   Type           Power      Damage    Failure   Level
 Apportation              Tloc           0%         N/A       30%         1
 Magic Dart               Conj           0%         1d3       30%         1
 Necrotise                Necr           0%         1d4       30%         1
 Searing Ray              Conj           0%         2d4       43%         2
 Fulminant Prism          Conj/Hex       0%         3d5       97%         4
 Passage of Golubria      Tloc           0%         N/A       97%         4
 Alistair's Intoxication  Tmut/Pois      0%         N/A       100%        5
 Yara's Violent Unravell  Hex/Tmut       0%         3d3       100%        5
 Summon Small Mammal      Summ           Unusable   N/A       N/A         1
 Tukima's Dance           Hex            Unusable   N/A       N/A         3

Dungeon Overview and Level Annotations

Branches:
Dungeon (6/15)             Temple (1/1) D:5

Altars:
Ashenzari
Elyvilon
Hepliaklqana
Kikubaaqudgha
Makhleb
Nemelex Xobeh
Okawaru
Qazlal
Ru
Trog
Uskayaw
Vehumet
Wu Jian
Xom
Yredelemnul
The Shining One


Innate Abilities, Weirdness & Mutations

You are very small and have problems with some larger weapons.
You are too small for most types of armour.
You have supernaturally acute eyesight. (SInv)
You cover ground extremely quickly. (Speed+++)


Message History

You climb downwards.
There is a stone staircase leading up here.
You start resting.
Magic restored.
You see here a +0 short sword.
There is a stone staircase leading up here.
You start resting.
HP restored.
You climb upwards.
There is a stone staircase leading down here.
There is a stone staircase leading down here.
There is a stone staircase leading up, spattered with blood here.
There is a stone staircase leading down here.
There is a stone staircase leading down here.
You see here a +0 whip.
Your +2 dagger of protection hums with potential!
a - a +2 dagger of protection (weapon)
No target in view!
You catch the helpless steam dragon completely off-guard!
You impale the steam dragon!!
Your weapon exudes an aura of protection.
The steam dragon is almost dead.
The steam dragon breathes steam at you. The ball of steam hits you!
You hit the steam dragon but do no damage.
The steam dragon is almost dead.
The steam dragon completely misses you. The steam dragon misses you.
You barely miss the steam dragon.
The steam dragon is almost dead.
You closely miss the steam dragon.
You punch the steam dragon, but do no damage.
The steam dragon is almost dead.
The steam dragon closely misses you. The steam dragon misses you.
You closely miss the steam dragon.
The steam dragon is almost dead.
The steam dragon breathes steam at you. The ball of steam hits you!!
The steam dragon breathes steam at you. The ball of steam hits you!!
You die...

#.##.##.##.....###..≈≈≈≈
#.##.##.##......>...≈≈≈≈
#.##.##.##........./.≈≈≈
##.......##.............≈
#.....#.###.....#........
#.)##.#.# #######.#......
#.....#.# #.#...#.#
#...#.#.#########.<..##.#
#...#.#.@§§..D.##..####.#
#........#####.##..####.#
###...##.##.##§##[.>.....
###.##.#.#§.§§§..####..
#.....###..##### #.#
####.#.#.#.# #..
#.......# #.# #########
#.. ###


There were no monsters in sight!

Vanquished Creatures
  2 sky beasts (D:6)
  An ogre (D:5)
  A kobold brigand (D:3)
  A centaur (D:5)
  2 scorpions (D:5)
  A howler monkey (D:5)
  2 jellies
  2 hounds (D:5)
  2 sleepcaps
  An iguana (D:5)
  An orc wizard (D:6)
  8 adders
  3 gnolls
  A white imp (D:3)
  2 worms
  4 dart slugs
  9 orcs
  7 ball pythons
  4 endoplasms
  4 giant cockroaches
  9 goblins
  6 hobgoblins
  6 jackals
  15 kobolds
  3 quokkas
  4 bats (D:1)
  4 frilled lizards
  12 rats
117 creatures vanquished.

Notes
Turn   | Place    | Note
-------+----------+-------------------------------------------
     0 | D:1      | Fecro the Spriggan Brigand began the quest for the Orb.
     0 | D:1      | Reached XP level 1. HP: 10/10 MP: 2/2
    68 | D:1      | Reached skill level 6 in Stealth
   136 | D:1      | Reached XP level 2. HP: 15/15 MP: 3/3
   317 | D:1      | Reached skill level 7 in Stealth
   397 | D:1      | Reached XP level 3. HP: 15/18 MP: 4/4
  1320 | D:2      | Reached XP level 4. HP: 23/23 MP: 5/5
  1434 | D:2      | Reached skill level 8 in Stealth
  1826 | D:3      | Found a hazy altar of Hepliaklqana.
  1826 | D:3      | Found a sacrificial altar of Ru.
  2261 | D:3      | Noticed a kobold brigand
  2326 | D:3      | Reached XP level 5. HP: 26/26 MP: 6/6
  2441 | D:3      | Reached skill level 9 in Stealth
  2556 | D:3      | Found a burning altar of Makhleb.
  3286 | D:5      | Entered Level 5 of the Dungeon
  3287 | D:5      | Found a stormy altar of Qazlal.
  3299 | D:5      | Found a staircase to the Ecumenical Temple.
  3564 | D:5      | Reached XP level 6. HP: 30/30 MP: 7/7
  4052 | D:5      | Identified the +1 robe of the Weaver {Harm rPois rC- SInv}
  4080 | Temple   | Entered the Ecumenical Temple
  4412 | D:5      | Reached XP level 7. HP: 35/35 MP: 8/8
  4619 | D:5      | Reached skill level 10 in Stealth
  4758 | Temple   | Became a worshipper of Warmaster Okawaru
  4868 | D:6      | Reached skill level 5 in Short Blades
  5005 | D:6      | Reached skill level 1 in Ranged Weapons
  5005 | D:6      | Reached XP level 8. HP: 35/39 MP: 7/9
  5538 | D:5      | Killed from afar by a steam dragon

Illustrated notes

Levels and vault maps discovered:
D:1:      kennysheep_arrival_seaside, layout_loops_cross, minmay_misc_feat_alley
D:2:      layout_loops_cross, minmay_tree_intersection, st_stairs_1,
          minmay_tetromino_i4
D:3:      cheibrodos_thug_alley, layout_loops_ring,
          mainiacjoe_overflow_divided_tiny, lemuel_doored_altar,
          grunt_decor_clamped, minmay_close_crescents
D:4:      layout_rooms, serial_corexii_hall, chequers_hall_statues_y,
          chequers_hall_statues_corner_a
D:5:      layout_loops_cross, nicolae_qazlal_scattered_showers, temple_pool_b
D:6:      layout_loops_ring
Temple:   hellmonk_temple_two_chambers

Skill      XL: |  1  2  3  4  5  6  7 |
---------------+----------------------+-----
Stealth        | 6 7 8 9 10 | 10.7
Dodging        | 2 3 4 |  4.3
Fighting       | 2 |  2.9
Short Blades   | 3 4 5 |  5.1
Throwing       | 3 |  3.9
Ranged Weapons | 1 |  1.0

Action                     |  1- 3 |  4- 6 |  7- 9 || total
---------------------------+-------+-------+-------++-------
  Melee: Dagger            |   101 |   220 |    52 ||   373
         Punch             |       |     1 |     3 ||     4
   Fire: Shortbow          |       |       |    21 ||    21
  Throw: Dart              |       |    13 |     5 ||    18
    Use: Scroll            |       |       |     5 ||     5
   Stab: Sleeping          |    19 |    10 |     4 ||    33
         Distracted        |       |       |     1 ||     1
 Armour: Robe              |    21 |    47 |     7 ||    75
  Dodge: Dodged            |    63 |   160 |    30 ||   253
